 Dungeon Crawl Stone Soup version 0.31-a0-1074-g0b22e4e0f1 (webtiles) character file.

Game seed: 2407442445266952533

38 gelatine the Trooper (level 3, -11/29 HPs)
             Began as a Demonspawn Fighter on Nov 29, 2023.
             Killed by divine providence
             ... invoked by an orc priest
              (13 damage)
             ... on level 2 of the Dungeon.
             The game lasted 00:02:14 (923 turns).

gelatine the Trooper (Demonspawn Fighter)            Turns: 923, Time: 00:02:15

Health: -11/29     AC:  7    Str: 18    XL:     3   Next: 25%
Magic:  3/3        EV:  9    Int:  9    God:
Gold:   66         SH:  4    Dex: 12    Spells: 2/2 levels left

rFire   . . .        a - +0 war axe
rCold   . . .        c - +0 buckler
rNeg    . . .        b - +0 scale mail
rPois   .            (no helmet)
rElec   .            (no cloak)
rCorr   +            (no gloves)
SInv    .            (no boots)
Will    .....        (no amulet) Stlth
                     l - ring of resist corrosion
HPRegen 0.24/turn    (no ring)
MPRegen 0.08/turn

%: no passive effects
@: no status effects
A: hooves 1, sharp scales 1
a: no special abilities


You were on level 2 of the Dungeon.
You visited 1 branch of the dungeon, and saw 2 of its levels.

You collected 66 gold pieces.

Inventory:

Hand Weapons
 a - a +0 war axe (weapon)
Missiles
 g - 6 boomerangs (quivered)
 p - 2 curare-tipped darts
Armour
 b - a +0 scale mail (worn)
 c - a +0 buckler (worn)
Jewellery
 l - a ring of resist corrosion (left hand)
Scrolls
 f - a scroll of vulnerability {unknown}
 h - a scroll of blinking {unknown}
 i - 3 scrolls of enchant weapon {unknown}
 j - a scroll of teleportation {unknown}
 m - a scroll of fear {unknown}
 n - a scroll of immolation {unknown}
 o - a scroll of fog {unknown}
Potions
 d - 2 potions of might
 e - a potion of brilliance {unknown}
 k - 2 potions of berserk rage {unknown}


   Skills:
 * Level 3.4 Fighting
 * Level 2.1 Axes
 + Level 0.2 Throwing
 * Level 3.1 Armour
 * Level 0.6 Dodging
 * Level 2.8 Shields


You had 2 spell levels left.
You didn't know any spells.
Your spell library contained the following spells:

 Spells                   Type           Power      Damage    Failure   Level
 Summon Guardian Golem    Hex/Summ       0%         N/A       99%         3
 Animate Dead             Necr           0%         N/A       100%        4
 Borgnjor's Vile Clutch   Necr/Erth      0%         N/A       100%        5
 Death Channel            Necr           0%         N/A       100%        6
 Orb of Destruction       Conj           0%         9d5       100%        7
 Spellforged Servitor     Conj/Summ      0%         N/A       100%        7


Dungeon Overview and Level Annotations

Branches:
Dungeon (2/15)

Altars:


Innate Abilities, Weirdness & Mutations

You have large cloven feet.
You are partially covered in razor-sharp scales. (AC +1, Slay +1)


Message History

Found 2 curare-tipped darts.
You see here a jackal corpse.
HP restored.
You now have 48 gold pieces (gained 5).
n - a scroll labelled KOTIUF JEPIOFUO
o - a scroll labelled PYG EDIAPSIAW You see here 2 curare-tipped darts.
An endoplasm comes into view.
Found 18 gold pieces.
You throw a boomerang. The boomerang hits the endoplasm.
The endoplasm is almost dead.
You slash the endoplasm!
You kill the endoplasm!
You see here 2 curare-tipped darts.
p - 2 curare-tipped darts You now have 66 gold pieces (gained 18).
Found a stone staircase leading up. 2 orcs come into view.
The orc shouts!
An orc priest comes into view. It is wielding a +0 morningstar.
The orc priest shouts!
The orc priest invokes the aid of Beogh against you.
Beogh smites you!
You throw a boomerang. The boomerang hits the orc.
The orc is severely wounded.
You throw a boomerang. The boomerang hits the orc.
The orc is almost dead.
The orc priest invokes the aid of Beogh against you.
Beogh smites you!
* * * LOW HITPOINT WARNING * * *
You hit the orc.
You kill the orc!
You barely miss the orc. Your kick misses the orc.
The orc hits you with a +0 dagger.
* * * LOW HITPOINT WARNING * * *
The orc hits you but does no damage.
You closely miss the orc.
The orc priest calls down the wrath of Beogh upon you.
Beogh smites you!
You die...

.#.####### ...#
..........# #...
#........ .##..#
#........ $#..#
#........ ⌠#..# #####
#........ #..#
#...###........ #...
#....@oo....... ##...
#...####.#########...#
##.## ...........#.#
#.# ##.####..###.#
#.#######.#..........
#........ #.##.......
#.#########.###......
#.............######.
#..########....... #.


You could see an orc priest and an orc.

Vanquished Creatures
  2 dart slugs
  An orc (D:2)
  2 ball pythons (D:1)
  2 bats (D:1)
  3 endoplasms
  2 giant cockroaches (D:1)
  2 goblins (D:1)
  2 hobgoblins (D:1)
  7 jackals (D:2)
  A kobold (D:1)
  A frilled lizard (D:1)
  2 rats (D:1)
27 creatures vanquished.

Notes
Turn   | Place    | Note
-------+----------+-------------------------------------------
     0 | D:1      | gelatine the Demonspawn Fighter began the quest for the
                  | Orb.
     0 | D:1      | Reached XP level 1. HP: 18/18 MP: 1/1
   124 | D:1      | Gained mutation: You have large cloven feet. [demonic
                  | ancestry]
   124 | D:1      | Reached XP level 2. HP: 24/24 MP: 2/2
   816 | D:2      | Gained mutation: You are partially covered in razor-sharp
                  | scales. (AC +1, Slay +1) [demonic ancestry]
   816 | D:2      | Reached XP level 3. HP: 24/29 MP: 3/3
   922 | D:2      | HP: 1/29 [orc/+0 dagger (4)]
   923 | D:2      | Killed from afar by an orc priest

Illustrated notes

Levels and vault maps discovered:
D:1:      lemuel_arrival_river_bridge, layout_loops_ring,
          minmay_misc_feat_ornament
D:2:      cheibrodos_pilgrimage, layout_loops_ring, serial_shops, shop,
          minmay_misc_feat_rows, bh_walls_and_bars, uniq_terence

Skill      XL: |  1  2 |
---------------+-------+-----
Armour         | 3 |  3.1
Axes           | 2 |  2.1
Fighting       | |  3.4
Throwing       | |  0.2
Dodging        | |  0.6
Shields        | |  2.8

Action                     || total
---------------------------++-------
  Melee: War axe           ||    34
         Kick              ||     3
  Throw: Boomerang         ||    32
 Armour: Scale mail        ||    29
  Dodge: Dodged            ||    16
  Block: Buckler           ||     4

Table legend: (Time is in decaauts)
 A = Elapsed time spent in this place.
 B = Non-inter-level travel time spent in this place.
 C = Inter-level travel time spent in this place.
 D = Time resting spent in this place.
 E = Time spent auto-exploring this place.
 F = Levels seen in this place.
 G = Mean time per level.
                   A        B        C        D        E       F      G
               +--------+--------+--------+--------+--------+-----+--------+
         Total |    953 |    953 |      0 |      0 |    697 |   2 |  476.5 |
       Dungeon |    953 |    953 |      0 |      0 |    697 |   2 |  476.5 |
               +--------+--------+--------+--------+--------+-----+--------+

Top non-repeatable levels by time:
     D:1: 790 daAuts
     D:2: 163 daAuts
